 Dungeon Crawl Stone Soup version 0.17-a0-1763-g847a857 (webtiles) character file.

1484 Medved the Firebug (level 8, -5/57 HPs)
             Began as a Demigod Fire Elementalist on Sept 5, 2015.
             Slain by an ice beast (14 damage)
             ... on level 5 of the Dungeon.
             The game lasted 00:25:23 (5934 turns).

Medved the Firebug (Demigod Fire Elementalist)      Turns: 5934, Time: 00:25:23

Health: -5/57      AC:  2    Str: 11    XL:     8   Next: 25%
Magic:  7/18       EV: 14    Int: 23    God:
Gold:   397        SH:  0    Dex: 16    Spells: 4 memorised, 5 levels left

rFire  . . .     SeeInvis .     y - staff of wizardry
rCold  . . .     Clarity  .     a - +0 robe
rNeg   . . .     SustAt   +     (no shield)
rPois  .         Gourm    .     (no helmet)
rElec  .         Spirit   .     (no cloak)
rCorr  .         Warding  .     (no gloves)
rMut   .         Stasis   .     (no boots)
MR     .....                    (no amulet)
Stlth  ++........               (no ring)
                                (no ring)

@: not resistant to hostile enchantments, unstealthy
A: high mp 1, sustain attributes
a: no special abilities


You were on level 5 of the Dungeon.
You were not hungry.

You visited 1 branch of the dungeon, and saw 5 of its levels.

You collected 397 gold pieces.

Inventory:

Armour
 a - a +0 robe (worn)
 E - a +3 chain mail of poison resistance
 I - a +0 plate armour
 K - a +2 robe of fire resistance
Magical staves
 y - an uncursed staff of wizardry (weapon)
Jewellery
 i - a +3 ring of evasion {unknown}
 v - an uncursed ring of poison resistance {unknown}
 B - an uncursed ring of protection from fire {unknown}
 C - a cursed -3 ring of intelligence {unknown}
 D - an uncursed ring of flight {unknown}
 G - an uncursed ring of ice {unknown}
Magical devices
 d - a wand of fireball (5)
 M - a wand of confusion (25)
Scrolls
 e - a scroll of blinking
 h - a scroll of magic mapping
 j - 6 scrolls of teleportation {unknown}
 k - a scroll of noise {unknown}
 l - a scroll of fear {unknown}
 n - 3 scrolls of remove curse {unknown}
 q - 2 scrolls of recharging {unknown}
 r - a scroll of fog {unknown}
 H - 2 scrolls of identify
Potions
 f - a potion of degeneration
 m - 3 potions of brilliance {unknown}
 p - a potion of flight {unknown}
 w - a potion of resistance {unknown}
 x - 3 potions of might {unknown}
 z - 2 potions of haste {unknown}
 A - a potion of lignification {unknown}
 F - 3 potions of curing {unknown}
 J - a potion of cancellation {unknown}
Books
 b - a book of Flames

   Spells                             Type                      Level
   a - Flame Tongue                   Conjuration/Fire             1
   b - Throw Flame                    Conjuration/Fire             2
   c - Conjure Flame                  Conjuration/Fire             3
   d - Inner Flame                    Hexes/Fire                   3
   e - Sticky Flame                   Conjuration/Fire             4
   f - Fireball                       Conjuration/Fire             5
 g - a book of Clouds

   Spells                             Type                      Level
   a - Mephitic Cloud                 Conjuration/Poison/Air       3
   b - Conjure Flame                  Conjuration/Fire             3
   c - Poisonous Cloud                Conjuration/Poison/Air       6
   d - Freezing Cloud                 Conjuration/Ice/Air          6
   e - Ring of Flames                 Charms/Fire                  7
 u - a book of Debilitation

   Spells                             Type                      Level
   a - Corona                         Hexes                        1
   b - Slow                           Hexes                        2
   c - Gell's Gravitas                Hexes/Translocation          3
   d - Inner Flame                    Hexes/Fire                   3
   e - Cause Fear                     Hexes                        4
   f - Leda's Liquefaction            Hexes/Earth                  4
Comestibles
 c - 3 bread rations
 o - 2 meat rations
 s - a fruit
 t - 3 beef jerkies
 L - a slice of pizza
 N - a chunk of flesh


   Skills:
 + Level 4.1 Dodging
 - Level 1.7 Stealth
 + Level 4.6 Spellcasting
 + Level 4.2 Conjurations
 * Level 6.7 Fire Magic


You had 5 spell levels left.
You knew the following spells:

 Your Spells              Type           Power        Failure   Level  Hunger
a - Flame Tongue          Conj/Fire      ####.        1%          1    None
b - Conjure Flame         Conj/Fire      ####....     1%          3    ##.....
c - Mephitic Cloud        Conj/Pois/Air  ##......     7%          3    ##.....
d - Sticky Flame          Conj/Fire      ####....     4%          4    ####...


Dungeon Overview and Level Annotations

Branches:
Dungeon (5/15)
 Temple: D:4-7

Shops:
D:4 [


Innate Abilities, Weirdness & Mutations

You have an increased reservoir of magic (+10% MP).
Your attributes are resistant to harm.


Message History

Aiming: Flame Tongue
Press: ? - help, Shift-Dir - straight line, f - ice beast
Aim: an ice beast The flame tongue hits the ice beast.
The ice beast melts!
The ice beast is lightly wounded.
The ice beast hits you.
* * * LOW HITPOINT WARNING * * *
The ice beast freezes you.
* * * LOW HITPOINT WARNING * * *
Casting: Flame Tongue
Confirm with . or Enter, or press ? or * to list all spells.
Aiming: Flame Tongue
Press: ? - help, Shift-Dir - straight line, f/p - ice beast
Aim: an ice beast (lightly wounded)
The flame tongue hits the ice beast.
The ice beast melts!
The ice beast is severely wounded.
The ice beast hits you.
* * * LOW HITPOINT WARNING * * *
The ice beast freezes you!
You die...

...........#
##########.# #.# #.# #.#
##########.# #######
...........# #.....#
##########.###...).####.
...(.........'..@Y......
##########..##.....##.#.
#..##.....# #.........#
###.#.....# #.......#
##......# #. #..#
#....[.# # #. #..#
#......# #.#.##..#


You could see an ice beast.

Vanquished Creatures
  An ice beast (D:5)
  A sky beast (D:5)
  4 centaurs (D:5)
  2 ogres
  Blork the orc (D:4)
  A wyvern zombie (D:5)
  A scorpion (D:5)
  2 jellies (D:5)
  A hound (D:5)
  An orc priest (D:5)
  3 orc wizards
  7 worker ants
  Terence (D:3)
  3 iguanas (D:4)
  6 adders
  3 oozes
  An adder skeleton (D:4)
  A worm (D:3)
  7 giant geckos
  12 orcs
  A ball python (D:2)
  9 giant cockroaches
  5 goblins
  7 hobgoblins
  2 jackals
  5 kobolds
  2 quokkas
  4 bats
  6 giant newts
  A jackal skeleton (D:4)
  6 rats
107 creatures vanquished.

Notes
Turn   | Place    | Note
--------------------------------------------------------------
     0 | D:1      | Medved the Demigod Fire Elementalist began the quest for the Orb.
     0 | D:1      | Reached XP level 1. HP: 14/14 MP: 5/5
   228 | D:1      | Reached skill level 3 in Fire Magic
   365 | D:1      | Reached XP level 2. HP: 17/20 MP: 0/7
   700 | D:1      | Reached skill level 1 in Conjurations
   827 | D:1      | Reached XP level 3. HP: 15/26 MP: 0/8
  2222 | D:3      | Reached XP level 4. HP: 15/33 MP: 2/10
  2225 | D:3      | Reached skill level 4 in Fire Magic
  3251 | D:3      | Noticed Terence
  3252 | D:3      | Reached XP level 5. HP: 38/38 MP: 9/11
  3272 | D:3      | Killed Terence
  3365 | D:3      | Learned a level 3 spell: Conjure Flame
  3369 | D:3      | Learned a level 3 spell: Mephitic Cloud
  3567 | D:4      | Noticed an ogre
  3799 | D:4      | Found Mudwiton's Antique Armour Shop.
  4050 | D:4      | Killed an ogre
  4050 | D:4      | Reached XP level 6. HP: 45/45 MP: 3/14
  4053 | D:4      | Reached skill level 5 in Fire Magic
  4169 | D:4      | Learned a level 4 spell: Sticky Flame
  4501 | D:4      | Noticed Blork the orc
  4512 | D:4      | Killed Blork the orc
  4695 | D:5      | Entered Level 5 of the Dungeon
  4711 | D:5      | Reached XP level 7. HP: 40/50 MP: 10/15
  4734 | D:5      | Found a white marble altar of Elyvilon.
  5125 | D:5      | Found a burning altar of Makhleb.
  5299 | D:5      | Reached skill level 6 in Fire Magic
  5400 | D:4      | Found a radiant altar of Vehumet.
  5400 | D:4      | Found a glowing silver altar of Zin.
  5665 | D:5      | Reached XP level 8. HP: 35/57 MP: 9/18
  5934 | D:5      | Slain by an ice beast

Vault maps used:
D:1:      dpeg_arrival_rooms_c
D:2:      wad_lake_hut
D:3:      first_bread, minmay_quantized, uniq_terence
D:4:      nicolae_overflow_hidden_temple, serial_shops,
          nicolae_shop_statue_plus, uniq_blork_the_orc
D:5:      kennysheep_mini_moat, overflow_temple_1_default

Action                   |  1- 3 |  4- 6 |  7- 9 || total
-------------------------+-------+-------+-------++-------
Melee: Unarmed           |    11 |     2 |       ||    13
       Staff             |       |     3 |    44 ||    47
 Cast: Flame Tongue      |    60 |   119 |    90 ||   269
       Mephitic Cloud    |       |     1 |       ||     1
       Conjure Flame     |       |     1 |     1 ||     2
  Use: Scroll            |     1 |     3 |       ||     4
       Potion            |     1 |       |       ||     1
  Eat: Chunk             |     3 |     7 |     4 ||    14
       Fruit             |       |     2 |       ||     2
